Map: Newkirk Precinct TE (Void)

Players

Railgan

  • Race: Zerg Zerg
  • League: Grandmaster
  • Spawn Location: 7:00

Rodzyn - Winner!

  • Race: Protoss Protoss
  • League: Master
  • Spawn Location: 5:00

VOD

Have the link to the VOD?

Description

Time

  • Played on: March 18, 2017, 6:19 p.m.
  • Length: 10:16
Show
View Real Time Build Order
Export as new Build Order

Railgan Zerg 

Build Orders: Hatch First 

Get SALT Encoding   

  12  0:01  Drone  
  13  0:13  Overlord  
  13  0:18  Drone  
  14  0:31  Drone x2  
  16  0:38  Drone  
  17  0:54  Hatchery  
  17  0:56  Drone  
  17  1:04  Drone  
  18  1:12  Extractor  
  18  1:14  Drone  
  18  1:18  Drone  
  19  1:22  Spawning Pool  
  18  1:28  Drone  
  19  1:45  Overlord  
  19  1:56  Drone  
  20  2:05  Drone  
  21  2:11  Queen  
  21  2:12  Queen  
  21  2:13  Zergling x2  
  21  2:14  Drone  
  27  2:16  Metabolic Boost  
  27  2:18  Drone  
  28  2:27  Evolution Chamber, Drone x2  
  29  2:33  Drone  
  30  2:42  Overlord  
  30  2:47  Queen  
  32  2:53  Zergling x4  
  32  2:56  Zergling x2  
  35  2:59  Zerg Melee Weapons Level 1  
  35  3:09  Zergling x2  
  35  3:11  Drone  
  35  3:12  Drone  
  37  3:18  Drone  
  38  3:20  Drone x3  
  38  3:21  Drone  
  38  3:22  Zergling x2  
  43  3:38  Drone  
  43  3:39  Overlord  
  44  3:42  Lair  
  44  3:44  Extractor x2  
  42  3:50  Drone x2  
  42  3:51  Overlord  
  44  3:56  Overlord  
  44  3:59  Drone x4  
  44  4:02  Drone  
  49  4:03  Drone  
  49  4:04  Drone  
  49  4:09  Extractor  
  50  4:16  Roach Warren  
  48  4:25  Drone x2  
  48  4:27  Spore Crawler x2  
  48  4:29  Drone  
  48  4:30  Drone x3  
  52  4:43  Zergling x6  
  53  4:48  Drone  
  53  4:49  Drone, Overlord  
  54  4:53  Zergling x2  
  54  4:56  Roach x2  
  54  4:57  Roach  
  60  5:01  Drone x2  
  60  5:05  Infestation Pit  
  60  5:06  Roach  
  63  5:11  Roach  
  65  5:21  Roach  
  67  5:29  Zerg Missile Weapons Level 1, Burrow  
  67  5:44  Overlord x2  
  67  5:46  Hatchery, Pathogen Glands  
  66  5:50  Roach  
  66  5:51  Overlord  
  66  5:55  Drone  
  68  6:01  Overlord  
  70  6:04  Roach x5  
  70  6:07  Glial Reconstitution  
  78  6:21  Queen  
  76  6:31  Infestor x3  
  76  6:32  Infestor  
  84  6:36  Drone  
  85  6:41  Queen  
  85  6:50  Infestor  
  88  6:56  Drone x2  
  89  7:08  Hatchery  
  89  7:10  Infestor  
  89  7:13  Overlord  
  89  7:14  Hatchery  
  89  7:17  Queen  
  91  7:24  Zergling x10  
  91  7:29  Overlord  
  96  7:30  Zerg Missile Weapons Level 2  
  96  7:39  Roach x4  
  104  7:47  Roach x2  
  104  7:51  Roach x3  
  105  8:09  Roach  
  105  8:10  Roach x3  
  104  8:18  Roach x3  
  104  8:22  Roach  
  102  8:30  Drone x4  
  106  8:35  Infestor x2  
  106  8:40  Queen x2  
  106  8:41  Queen x2  
  116  8:42  Drone  
  116  8:43  Drone x2  
  116  8:45  Extractor  
  116  8:47  Drone  
  121  8:49  Extractor  
  120  8:58  Drone  
  120  8:59  Spore Crawler  
  120  9:00  Infestor x2  
  120  9:02  Drone x2  
  121  9:03  Drone x3  
  121  9:05  Drone  
  121  9:08  Drone x2  
  126  9:15  Overlord  
  126  9:16  Overlord  
  126  9:23  Roach x2  
  124  9:35  Roach  
  124  9:38  Roach x2  
  106  9:39  Roach  
  106  9:40  Roach x3  
  112  9:46  Roach x3  
  116  9:56  Roach x5  
Show
View Real Time Build Order
Export as new Build Order

Rodzyn Protoss - Winner!

Build Orders: 1 Gate Expand, Oracle Opening 

Get SALT Encoding   

  12  0:01  Probe (Chrono Boost)  
  13  0:11  Probe (Chrono Boost)  
  14  0:18  Pylon  
  14  0:22  Probe (Chrono Boost)  
  15  0:36  Probe (Chrono Boost)  
  15  0:40  Gateway  
  16  0:47  Probe (Chrono Boost)  
  16  0:48  Assimilator  
  17  0:58  Probe (Chrono Boost)  
  18  1:09  Probe (Chrono Boost)  
  19  1:23  Nexus  
  19  1:26  Probe (Chrono Boost)  
  20  1:37  Cybernetics Core  
  20  1:42  Probe (Chrono Boost)  
  20  1:46  Assimilator  
  21  1:52  Probe (Chrono Boost)  
  22  1:57  Pylon  
  22  2:04  Probe (Chrono Boost)  
  23  2:16  Mothership Core (Chrono Boost)  
  23  2:18  Adept  
  27  2:24  Warp Gate  
  27  2:34  Probe (Chrono Boost)  
  27  2:37  Probe (Chrono Boost)  
  29  2:45  Probe (Chrono Boost)  
  29  2:47  Probe (Chrono Boost)  
  31  2:52  Stargate  
  31  2:55  Probe (Chrono Boost)  
  31  2:58  Probe (Chrono Boost)  
  33  3:06  Probe (Chrono Boost)  
  33  3:08  Probe (Chrono Boost)  
  33  3:11  Adept  
  37  3:16  Probe (Chrono Boost)  
  37  3:19  Probe (Chrono Boost)  
  39  3:21  Pylon  
  39  3:27  Probe (Chrono Boost)  
  39  3:30  Probe (Chrono Boost)  
  39  3:31  Oracle  
  41  3:38  Probe (Chrono Boost)  
  41  3:41  Gateway  
  45  3:42  Gateway  
  45  3:45  Pylon, Probe (Chrono Boost)  
  46  3:49  Probe (Chrono Boost)  
  47  4:01  Probe (Chrono Boost)  
  48  4:03  Assimilator x2  
  48  4:05  Pylon  
  48  4:06  Oracle  
  50  4:28  Adept  
  52  4:32  Pylon, Probe (Chrono Boost)  
  53  4:51  Void Ray  
  53  4:52  Probe (Chrono Boost)  
  53  4:58  Stalker  
  59  5:03  Probe (Chrono Boost)  
  59  5:05  Probe (Chrono Boost)  
  61  5:09  Pylon  
  62  5:15  Adept x2, Probe x2 (Chrono Boost)  
  67  5:26  Probe (Chrono Boost)  
  67  5:27  Probe (Chrono Boost)  
  69  5:31  Nexus  
  69  5:33  Pylon  
  69  5:36  Probe (Chrono Boost)  
  69  5:39  Probe (Chrono Boost)  
  71  5:47  Probe (Chrono Boost)  
  71  5:51  Probe (Chrono Boost)  
  71  5:52  Adept x3  
  78  5:57  Probe (Chrono Boost)  
  78  6:00  Twilight Council  
  78  6:03  Robotics Facility, Forge  
  78  6:04  Probe (Chrono Boost)  
  80  6:08  Probe (Chrono Boost)  
  81  6:16  Probe (Chrono Boost)  
  83  6:18  Probe (Chrono Boost)  
  83  6:28  Probe (Chrono Boost)  
  83  6:29  Probe (Chrono Boost)  
  85  6:34  Resonating Glaives  
  85  6:35  Gateway  
  85  6:36  Gateway  
  85  6:37  Gateway x2  
  87  6:40  Probe x2 (Chrono Boost)  
  87  6:49  Adept x3  
  87  6:51  Probe (Chrono Boost)  
  87  6:52  Probe x2 (Chrono Boost)  
  96  6:56  Observer  
  97  7:02  Protoss Ground Weapons Level 1  
  97  7:03  Probe (Chrono Boost)  
  97  7:04  Probe x2 (Chrono Boost)  
  100  7:10  Sentry x2  
  100  7:11  Sentry  
  100  7:13  Assimilator  
  100  7:14  Probe (Chrono Boost)  
  109  7:16  Pylon, Probe x2 (Chrono Boost)  
  109  7:17  Assimilator  
  109  7:18  Pylon  
  109  7:29  Immortal  
  109  7:30  Pylon  
  109  7:34  Pylon  
  109  7:36  Pylon, Probe (Chrono Boost)  
  114  7:45  Sentry x2  
  114  7:46  Adept x3  
  114  7:50  Pylon, Adept x2  
  128  8:03  Immortal  
  90  8:20  Adept x6  
  90  8:21  Adept  
  90  8:25  Probe (Chrono Boost)  
  106  8:27  Probe (Chrono Boost)  
  106  8:30  Probe (Chrono Boost)  
  107  8:39  Immortal  
  108  8:42  Probe (Chrono Boost)  
  108  8:45  Robotics Facility, Adept x5  
  108  8:46  Adept x2  
  123  9:08  Void Ray  
  124  9:10  Adept x2  
  124  9:11  Adept x5  
  138  9:20  Gateway  
  138  9:21  Gateway  
  138  9:22  Gateway  
  132  9:36  Adept x3  
  132  9:37  Adept x4  
  128  10:02  Adept x5  
  128  10:03  Adept x2  
Tags
 
Add a new tag
Caveats
  • Supply blocks, unpowered buildings, or Contaminate may cause inaccurate times.
  • Supply counts are checked every 10 seconds.